 Dungeon Sprint DCSS version 0.23-a0-290-g290e36d (webtiles) character file.

4 emperorscorpion the Charmwright (level 1, -4/30 HPs)
             Began as a Naga Skald on Oct 3, 2018.
             Slain by a worker ant (6 damage)
             ... in the Dungeon (Sprint IX: "|||||||||||||||||||||||||||||").
             The game lasted 00:00:23 (32 turns).

emperorscorpion the Charmwright (Naga Skald)          Turns: 32, Time: 00:00:24

Health: -4/30      AC:  1    Str: 18    XL:     1   Next: 70%
Magic:  3/3        EV:  9    Int: 13    God:
Gold:   0          SH:  0    Dex: 10    Spells: 3/4 levels left

rFire    . . .     SeeInvis +   a - +0 spear
rCold    . . .     Gourm    .   (no shield)
rNeg     . . .     Faith    .   b - +0 leather armour
rPois    +         Spirit   .   (no helmet)
rElec    .         Reflect  .   (no cloak)
rCorr    .         Harm     .   (no gloves)
MR       .....     NoTele   +   (no barding)
Stlth    ..........             (no amulet)
HPRegen  0.10/turn              (no ring)
MPRegen  0.08/turn              (no ring)

@: berserking, quick
A: large, see invisible, deformed body, poison resistance, slowness 2, slow
metabolism 1, spit poison 1, AC +0
a: Spit Poison


You were in the Dungeon.
You were not hungry.

You visited 1 branch

Inventory:

Hand Weapons
 a - a +0 spear (weapon)
Armour
 b - a +0 leather armour (worn)
Scrolls
 j - a scroll of blinking
Potions
 e - a potion of curing
 f - a potion of heal wounds
 g - a potion of haste
 h - 2 potions of magic
Comestibles
 c - a chunk of flesh
 d - a ration


   Skills:
 + Level 2.3 Fighting
 + Level 2.3 Polearms
 + Level 0.8 Armour
 + Level 1.7 Dodging
 + Level 2.4 Spellcasting
 + Level 3.5 Charms


You had 3 spell levels left.
You knew the following spells:

 Your Spells              Type           Power        Failure   Level  Hunger
a - Infusion              Chrm           ##..         7%          1    #......

Your spell library contained the following spells:

 Spells                   Type           Power        Failure   Level  Hunger
 Song of Slaying          Chrm           ##......     11%         2    ###....
 Shroud of Golubria       Chrm/Tloc      #.........   22%         2    ###....
 Regeneration             Chrm/Necr      #.........   38%         3    ###....
 Spectral Weapon          Hex/Chrm       #.......     38%         3    ###....


Dungeon Overview and Level Annotations

Branches:
Dungeon (1/1)

Altars:


Innate Abilities, Weirdness & Mutations

You cannot wear boots.
Your serpentine skin is tough. (AC +0)
You have supernaturally acute eyesight. (SInv)
Armour fits poorly on your strangely shaped body.
Your system is resistant to poisons. (rPois)
You cover ground very slowly.
You have a slow metabolism.
You can spit poison.


Message History

A red film seems to cover your vision as you go berserk!
You feel yourself moving faster!
You feel mighty!
The ooze quivers.
The worker ant barely misses you.
You barely miss the worker ant. The worker ant bites you.
* * * LOW HITPOINT WARNING * * *
You barely miss the worker ant. The worker ant bites you.
* * * LOW HITPOINT WARNING * * *
You puncture the worker ant!
The worker ant is heavily wounded.
The worker ant closely misses you.
You hit the worker ant.
The worker ant is heavily wounded.
The worker ant closely misses you.
You closely miss the worker ant.
The worker ant is heavily wounded.
You hit the worker ant.
The worker ant is almost dead.
The worker ant bites you.
You die...

▓+▓
▓.▓
▓o▓
▓J▓
▓O▓
▓r▓
▓a▓
▓@▓
▓.▓
▓.▓
▓.▓
▓÷▓
▓)▓
▓.▓
▓.▓
▓.▓


You could see an ogre, a worker ant, an ooze, an orc and a quokka.

Vanquished Creatures
  A goblin (D)
  A hobgoblin (D)
  A bat (D)
  A kobold (D)
  A rat (D)
5 creatures vanquished.

Notes
Turn   | Place    | Note
-------+----------+-------------------------------------------
     0 | D        | emperorscorpion the Naga Skald began the quest for the Orb.
     0 | D        | Reached XP level 1. HP: 19/19 MP: 3/3
    25 | D        | Noticed an ogre
    25 | D        | Noticed a worker ant
    32 | D        | Slain by a worker ant

Vault maps used:
D:        linesprint

Action                   || total
-------------------------++-------
Melee: Spear             ||    16
 Abil: Spit Poison       ||     3
  Use: Potion            ||     1
Dodge: Dodged            ||     7

Table legend:
 A = Non-vault XP
 B = Vault XP
 C = Vault XP percentage of total XP
 D = Non-vault monster count
 E = Vault monster count
 F = Vault count percentage of total count
                 A         B        C        D         E       F
            +---------+---------+-------+---------+---------+-------
      Total |       0 |       7 | 100.0 |       0 |       5 | 100.0
            +---------+---------+-------+---------+---------+-------
          D |       0 |       7 | 100.0 |       0 |       5 | 100.0
            +---------+---------+-------+---------+---------+-------
